Map: Sequencer LE

Players

Namshar

  • Race: Zerg Zerg
  • Spawn Location: 7:00

Arctur - Winner!

  • Race: Terran Terran
  • Spawn Location: 1:00

Event: WCS Valencia 2017

VOD

Have the link to the VOD?

Description

Time

  • Played on: July 13, 2017, 11:05 a.m.
  • Length: 15:26

All games in this series

Show
View Real Time Build Order
Export as new Build Order

Namshar Zerg 

Build Orders: Pool First 

Get SALT Encoding   

  12  0:01  Drone  
  13  0:12  Overlord  
  13  0:17  Drone  
  14  0:31  Drone x2  
  14  0:34  Drone  
  17  0:45  Extractor  
  17  0:46  Drone  
  17  0:52  Spawning Pool  
  17  0:55  Drone  
  17  1:07  Drone  
  18  1:19  Hatchery  
  18  1:22  Drone  
  18  1:27  Drone  
  19  1:39  Queen  
  21  1:45  Metabolic Boost  
  21  1:50  Overlord  
  21  1:53  Zergling x2  
  22  2:11  Drone  
  22  2:14  Queen  
  25  2:27  Drone  
  26  2:30  Roach Warren  
  26  2:34  Queen  
  27  2:40  Overlord  
  27  3:10  Drone x3  
  30  3:13  Roach x4  
  30  3:14  Roach  
  40  3:29  Overlord  
  40  3:30  Overlord  
  40  3:38  Ravager x2  
  40  3:39  Drone x2  
  44  3:44  Overlord  
  44  3:51  Drone  
  44  3:52  Drone x3  
  44  3:55  Drone  
  49  3:58  Drone  
  50  4:03  Roach  
  50  4:07  Roach  
  50  4:09  Drone  
  55  4:14  Drone x2  
  55  4:15  Drone  
  58  4:29  Hatchery  
  57  4:33  Drone  
  57  4:34  Drone x2  
  60  4:39  Overlord  
  60  4:41  Drone x2  
  60  4:45  Ravager  
  63  4:48  Extractor  
  63  4:49  Extractor  
  63  4:51  Lair  
  61  4:53  Drone x2  
  61  4:54  Drone  
  61  4:55  Drone  
  61  4:56  Drone  
  66  5:00  Overlord  
  66  5:03  Evolution Chamber  
  65  5:08  Queen  
  65  5:12  Overlord  
  67  5:17  Drone x5  
  72  5:30  Overlord  
  72  5:35  Drone x2  
  74  5:36  Drone  
  74  5:37  Drone x3  
  78  5:43  Queen  
  78  5:44  Pneumatized Carapace  
  78  5:46  Zerg Ground Armor Level 1  
  78  5:48  Drone  
  78  5:49  Evolution Chamber  
  80  5:50  Overlord  
  80  5:53  Glial Reconstitution  
  80  6:00  Roach x2  
  80  6:02  Overlord  
  80  6:03  Roach  
  86  6:10  Roach x2  
  90  6:15  Overlord  
  90  6:17  Roach x2  
  94  6:23  Roach x2  
  94  6:25  Drone x3  
  99  6:26  Drone x5  
  99  6:28  Extractor  
  99  6:29  Extractor  
  99  6:31  Roach  
  103  6:46  Roach  
  103  6:47  Roach x3  
  99  6:49  Queen  
  99  6:50  Queen  
  99  6:53  Drone  
  99  6:54  Extractor, Zerg Missile Weapons Level 1  
  103  6:56  Drone x3  
  104  7:05  Drone x4  
  104  7:08  Queen  
  106  7:11  Drone x2  
  106  7:12  Drone x2  
  106  7:13  Infestation Pit  
  111  7:24  Drone  
  111  7:25  Queen  
  114  7:36  Burrow, Hatchery, Tunneling Claws  
  113  7:38  Overlord x2  
  113  7:40  Hatchery  
  113  7:42  Overlord  
  113  7:43  Overlord  
  112  7:55  Ravager x2  
  112  7:57  Overlord x2  
  114  8:04  Roach x4  
  114  8:05  Roach x2  
  112  8:22  Queen  
  112  8:26  Hive  
  114  8:29  Drone x3  
  114  8:31  Spire, Drone x3  
  114  8:32  Drone x4  
  114  8:33  Drone x2  
  114  8:34  Drone x2  
  114  8:38  Roach x9  
  114  8:46  Queen  
  114  8:47  Zerg Ground Armor Level 2  
  116  8:55  Extractor, Drone x3  
  118  8:56  Roach x3  
  118  9:02  Roach x3  
  130  9:08  Infestor  
  130  9:09  Infestor x2  
  136  9:18  Roach x3  
  136  9:19  Roach x3  
  142  9:25  Roach  
  142  9:26  Roach x2  
  142  9:28  Ravager  
  143  9:35  Roach  
  143  9:36  Roach x6  
  143  9:37  Roach  
  143  9:38  Roach  
  133  9:45  Roach  
  133  9:46  Roach x5  
  133  9:51  Roach  
  133  9:52  Roach x2  
  144  9:57  Roach x2  
  142  10:01  Roach  
  142  10:02  Roach  
  134  10:10  Roach  
  134  10:11  Roach x7  
  130  10:20  Drone x5, Roach x6  
  130  10:21  Drone x14  
  112  10:23  Queen  
  112  10:25  Roach  
  90  10:38  Roach  
  90  10:39  Roach x3  
  90  10:41  Roach x3  
  87  10:43  Roach  
  87  10:44  Roach  
  87  10:46  Roach x2  
  89  10:52  Roach  
  89  10:53  Evolution Chamber, Roach  
  93  10:57  Ravager x4  
  96  11:11  Ravager  
  97  11:14  Queen  
  97  11:16  Roach x9  
  97  11:17  Roach  
  97  11:18  Roach  
  103  11:21  Roach  
  103  11:22  Roach  
  104  11:36  Hatchery  
  104  11:38  Roach x3  
  104  11:39  Roach x3  
  106  11:43  Infestor  
  108  11:48  Roach x11  
  108  11:49  Roach x4  
  108  11:51  Roach x3  
  112  11:56  Pathogen Glands  
  114  12:08  Roach  
  114  12:09  Roach x5  
  124  12:24  Roach x7  
  124  12:25  Overlord  
  124  12:26  Overlord x2  
  124  12:29  Queen, Roach x26  
  138  12:33  Infestor  
  142  12:40  Queen  
  144  12:48  Ravager  
  144  12:49  Ravager  
  144  12:50  Queen  
  148  12:53  Roach x3  
  148  12:57  Ravager  
  150  12:58  Ravager  
  150  12:59  Overlord x2  
  150  13:01  Drone  
  151  13:06  Roach x2  
  155  13:18  Roach x23  
  145  13:27  Roach x10  
  135  13:44  Roach x8  
  131  13:51  Roach x3  
  117  13:57  Drone  
  117  14:01  Roach x3  
  117  14:02  Roach x12  
  110  14:07  Roach  
  110  14:08  Roach  
  98  14:11  Roach x6  
  98  14:15  Roach x3  
  103  14:26  Roach x2  
  111  14:31  Roach x17  
  105  14:40  Roach x15  
  105  14:41  Roach x5  
  107  14:46  Hatchery, Roach x16  
  104  14:58  Roach  
  104  14:59  Roach  
Show
View Real Time Build Order
Export as new Build Order

Arctur Terran - Winner!

Build Orders: MMM Bio 

Get SALT Encoding   

  12  0:00  SCV  
  13  0:13  SCV  
  14  0:17  Supply Depot  
  14  0:25  SCV  
  15  0:38  SCV  
  15  0:41  Barracks  
  16  0:44  Refinery  
  16  0:50  SCV  
  17  1:00  Barracks  
  17  1:04  SCV  
  18  1:16  SCV  
  19  1:27  Reaper  
  19  1:28  Orbital Command  
  20  1:37  Barracks  
  20  1:42  Refinery  
  20  1:47  Reaper  
  21  1:55  Supply Depot  
  21  1:58  SCV  
  22  2:04  Reaper  
  23  2:17  SCV  
  23  2:18  Supply Depot  
  23  2:20  Reaper  
  25  2:25  Reaper  
  25  2:29  SCV  
  27  2:36  Reaper  
  28  2:41  SCV  
  29  2:53  SCV  
  29  2:58  Command Center  
  30  3:00  Reaper  
  30  3:03  Barracks Tech Lab  
  31  3:19  SCV  
  32  3:22  Stimpack  
  32  3:25  Barracks Reactor  
  32  3:29  Engineering Bay  
  32  3:31  SCV  
  32  3:32  Barracks Reactor  
  33  3:43  Factory, SCV  
  33  3:49  Marine  
  34  3:56  SCV  
  34  4:00  Terran Infantry Weapons Level 1  
  34  4:03  Marine x2  
  34  4:07  Marine  
  34  4:08  SCV  
  34  4:09  Marine x2  
  40  4:16  Orbital Command  
  40  4:21  Marine  
  41  4:25  Marine x2  
  41  4:27  Marine x2  
  41  4:29  SCV  
  46  4:34  Starport  
  46  4:35  Factory Reactor  
  46  4:41  SCV  
  46  4:43  SCV, Marine  
  46  4:45  Marine  
  50  4:46  Marine  
  50  4:48  Marine  
  50  4:52  Supply Depot  
  52  4:54  SCV  
  52  4:55  SCV  
  54  5:07  Supply Depot  
  54  5:14  Marine x3, SCV x2, Supply Depot  
  58  5:18  Medivac  
  61  5:22  Combat Shields  
  61  5:28  SCV  
  62  5:29  Marine, Medivac, SCV  
  62  5:30  Marine, Supply Depot  
  62  5:32  Factory Tech Lab  
  67  5:37  Marine x2  
  67  5:38  Marine  
  67  5:41  SCV x2  
  72  5:47  Marine  
  73  5:56  SCV x2  
  75  5:57  Marine  
  75  5:59  Marine  
  75  6:01  Marine  
  75  6:03  Marine  
  79  6:06  Command Center  
  79  6:10  Terran Infantry Armor Level 1  
  79  6:12  Marine  
  79  6:15  Marine, Supply Depot  
  81  6:21  Marine  
  81  6:22  Marine  
  83  6:28  Medivac  
  83  6:29  Supply Depot  
  83  6:30  Barracks  
  83  6:31  Barracks  
  83  6:32  Marine  
  86  6:36  Medivac  
  75  6:48  Marine x4  
  75  6:50  Marine  
  75  6:53  SCV  
  75  6:54  SCV  
  80  6:55  Refinery, Supply Depot  
  80  6:56  Refinery  
  80  6:58  Medivac  
  82  7:06  Marine x3  
  84  7:14  Marine x2  
  84  7:16  Siege Tank  
  84  7:21  SCV x2  
  88  7:23  Orbital Command  
  88  7:24  Marine x3  
  91  7:31  Marine  
  91  7:32  Barracks Reactor  
  91  7:33  Barracks Reactor  
  91  7:35  SCV x2  
  94  7:37  Marine  
  94  7:38  Supply Depot  
  94  7:41  Marine  
  96  7:47  SCV x2  
  96  7:48  Siege Tank, Marine x2  
  96  7:49  SCV  
  96  7:50  Marine  
  105  7:53  Factory  
  105  7:55  Marine  
  106  7:59  SCV  
  106  8:03  Marine  
  107  8:06  Marine x2  
  107  8:08  Marine  
  107  8:12  Marine x3  
  110  8:13  Marine x2  
  110  8:19  SCV x3  
  108  8:20  Siege Tank, Marine  
  108  8:23  Armory  
  108  8:24  Marine x2, Engineering Bay  
  108  8:25  Refinery  
  108  8:26  Marine  
  115  8:27  Medivac  
  115  8:30  Marine x2  
  114  8:36  Marine x3  
  114  8:37  Medivac  
  114  8:38  SCV x3, Marine  
  114  8:39  Factory Tech Lab  
  122  8:41  Marine  
  122  8:42  Marine  
  122  8:44  Marine  
  122  8:48  Marine x2  
  125  8:52  SCV  
  125  8:53  SCV, Marine, Supply Depot  
  125  8:54  Marine x2  
  125  8:55  SCV  
  133  9:02  Supply Depot  
  133  9:08  Supply Depot  
  133  9:13  SCV  
  133  9:14  Siege Tank x2, Marine x2  
  133  9:15  Missile Turret  
  141  9:20  Missile Turret  
  141  9:23  Marine, Missile Turret  
  142  9:28  Terran Infantry Armor Level 2, Terran Infantry Weapons Level 2  
  142  9:30  Terran Vehicle Weapons Level 1  
  137  9:40  Marine x3  
  131  9:46  Siege Tank, Marine x2  
  131  9:47  Siege Tank, Marine  
  131  9:48  SCV x2  
  131  9:49  SCV  
  135  9:53  Marine, Medivac  
  128  10:10  Marine x3  
  128  10:11  Marine  
  118  10:18  Marine  
  103  10:26  SCV x2  
  102  10:35  Marine x2  
  98  10:36  Marine  
  98  10:40  Marine  
  98  10:41  SCV  
  96  10:45  Marine x2  
  92  10:52  SCV  
  92  10:54  Missile Turret  
  92  10:55  SCV  
  90  11:03  Siege Tank  
  92  11:07  Marine x2  
  92  11:09  SCV  
  95  11:15  Marine  
  92  11:20  SCV x2  
  92  11:22  Siege Tank  
  97  11:29  Marine  
  96  11:38  Marine  
  93  11:45  Siege Tank  
  93  11:47  Marine x8  
  93  11:54  Siege Tank  
  103  11:56  Marine  
  104  12:05  Marine x4  
  105  12:11  Supply Depot  
  105  12:14  Marine  
  105  12:17  Siege Tank  
  105  12:21  Marine x4  
  111  12:22  Marine  
  111  12:23  Marine x3  
  111  12:26  Siege Tank  
  118  12:32  Marine  
  118  12:34  Command Center  
  118  12:39  Marine x4  
  122  13:02  Siege Tank, Marine x9  
  122  13:04  Supply Depot  
  134  13:12  Supply Depot  
  134  13:13  Supply Depot  
  132  13:20  Marine x5  
  134  13:30  Siege Tank, Marine x4  
  138  13:38  Marine x3  
  126  13:52  Siege Tank  
  112  13:55  Marine  
  112  13:56  Marine x7  
  112  13:59  Marine  
  112  14:02  Siege Tank  
  114  14:13  Marine x4  
  115  14:24  Siege Tank  
  115  14:34  Marine x3  
  115  14:35  Siege Tank, Marine x3  
  108  14:39  Marine x2  
  108  14:40  Marine  
  111  14:52  Marine x3  
  112  14:56  Orbital Command  
  112  14:57  SCV x3  
Tags
 
Add a new tag
Caveats
  • Supply blocks, unpowered buildings, or Contaminate may cause inaccurate times.
  • Supply counts are checked every 10 seconds.